 Dungeon Crawl Stone Soup version 0.16.1-2-g95b8d4c (console) character file.

14 gw the Magician (level 2, 0/18 HPs)
             Began as a Halfling Wizard on Mar 25, 2015.
             Slain by a jackal (2 damage)
             ... on level 1 of the Dungeon.
             The game lasted 00:01:36 (1153 turns).

gw the Magician (Halfling Wizard)                   Turns: 1153, Time: 00:01:36

Health: 0/18       AC:  4    Str:  7    XL:     2   Next: 55%
Magic:  0/5        EV: 14    Int: 17    God:
Gold:   65         SH:  0    Dex: 12    Spells: 2 memorised, 3 levels left

rFire  . . .     SeeInvis .     (no weapon)
rCold  . . .     Clarity  .     e - +0 leather armour
rNeg   . . .     SustAb   .     (no shield)
rPois  .         Gourm    .     j - +0 helmet
rElec  .         Spirit   .     (no cloak)
rCorr  .         Warding  .     (no gloves)
rMut   .         Stasis   .     (no boots)
MR     .....                    (no amulet)
Stlth  ++........               (no ring)
                                (no ring)

@: very slightly contaminated, not resistant to hostile enchantments, unstealthy
A: mutation resistance 1
a: no special abilities


You were on level 1 of the Dungeon.
You were hungry.

You visited 1 branch of the dungeon, and saw 1 of its levels.

You collected 65 gold pieces.

Inventory:

Missiles
 i - 12 poisoned sling bullets
Armour
 e - a +0 leather armour (worn)
 j - a +0 helmet (worn)
Scrolls
 h - a scroll of identify {unknown}
 k - a scroll of blinking {unknown}
Potions
 b - 2 potions of brilliance {unknown}
 g - a potion of restore abilities {unknown}
Books
 c - a book of Minor Magic

   Spells                             Type                      Level
   a - Magic Dart                     Conjuration                  1
   b - Blink                          Translocation                2
   c - Call Imp                       Summoning                    2
   d - Repel Missiles                 Charms/Air                   2
   e - Slow                           Hexes                        2
   f - Conjure Flame                  Conjuration/Fire             3
   g - Mephitic Cloud                 Conjuration/Poison/Air       3
Comestibles
 a - a meat ration
 d - a bread ration
 f - a fruit


   Skills:
 + Level 0.6 Fighting
 + Level 0.7 Armour
 - Level 2.1 Dodging
 - Level 2.1 Stealth
 + Level 2.6 Spellcasting
 - Level 0.7 Conjurations
   Level 0.8 Summonings
 * Level 1.4 Translocations


You had 3 spell levels left.
You knew the following spells:

 Your Spells              Type           Power        Failure   Level  Hunger
a - Magic Dart            Conj           #...         24%         1    #......
b - Blink                 Tloc           N/A          24%         2    ##.....


Dungeon Overview and Level Annotations

Branches:
Dungeon (1/15)

Altars:


Innate Abilities, Weirdness & Mutations

You are small and have problems with some larger weapons.
You are somewhat resistant to further mutation.


Message History

The jackal is moderately wounded.
The giant cockroach closely misses you. The jackal closely misses you.
Your magical contamination has completely faded away.
Unknown command.
Unknown command.
Unknown command.
MOVING TO (-7,4)
The giant cockroach barely misses you.
Unknown command.
Unknown command.
Unknown command.
Casting: Magic Dart
Confirm with . or Enter, or press ? or * to list all spells.
Aiming: Magic Dart
Press: ? - help, Shift-Dir - straight line, f - jackal, p - kobold
Aim: a jackal (moderately wounded)
You miscast Magic Dart.
You are very lightly contaminated with residual magic.
Nothing appears to happen.
The jackal bites you.
You die...

##########. #..###.#######
#...........
#....#..##...####
.###.....###
....#......#..%.#
#.....####...#
........#.(###.#
###'###.........###.....#.(##
#.#
..'.'......}......'........(#
#.# ###'###......
###........## #.#
#.....####.. ####h?.......#.#
#.# ....#....#
#..psK......(### #.%
......##........#.........#
### ....#..#
....#....##.###...# #..###.#
#..###....### ##...#
##.########. ####.# ###.##
#........... .. #..#.#
##..####### ### #..#.# #..#
#..#(# #..########
##########....##


You could see a jackal, a giant cockroach and a kobold.

Table legend:
 A = Turns spent in this place as a percentage of turns spent in the entire game.
 B = Non-inter-level travel turns spent in this place as a percentage of non-inter-level travel turns spent in the entire game.
 C = Inter-level travel turns spent in this place as a percentage of turns spent in this place.
 D = Turns resting spent in this place as a percentage of non-inter-level travel turns spent in this place.
 E = Turns spent auto-exploring this place as a percentage of non-inter-level travel turns spent in this place.
 F = Non-inter-level travel turns spent in this place divided by the number of levels of this place that you've seen.
                   A       B       C       D       E      F
               +-------+-------+-------+-------+-------+----------------------
         Total | 100.0 | 100.0 |   0.0 |   1.7 |   1.3 | 1984.0
       Dungeon | 100.0 | 100.0 |   0.0 |   1.7 |   1.3 | 1984.0
               +-------+-------+-------+-------+-------+----------------------

Table legend:
 A = Kills in this place as a percentage of kills in entire the game.
 B = Kills by you in this place as a percentage of kills by you in the entire game.
 C = Kills by friends in this place as a percentage of kills by friends in the entire game.
 D = Other kills in this place as a percentage of other kills in the entire game.
 E = Experience gained in this place as a percentage of experience gained in the entire game.
 F = Experience gained in this place divided by the number of levels of this place that you have seen.
                   A       B       C       D       E      F
               +-------+-------+-------+-------+-------+----------------------
         Total | 100.0 | 100.0 |  -nan |  -nan | 100.0 |  20.0
       Dungeon | 100.0 | 100.0 |  -nan |  -nan | 100.0 |  20.0
               +-------+-------+-------+-------+-------+----------------------

Vanquished Creatures
  A giant gecko (D:1)
  5 bats (D:1)
  2 hobgoblins (D:1)
  2 giant newts (D:1)
  A jackal (D:1)
  A kobold (D:1)
  2 rats (D:1)
14 creatures vanquished.

Notes
Turn   | Place    | Note
--------------------------------------------------------------
     0 | D:1      | gw, the Halfling Wizard, began the quest for the Orb.
     0 | D:1      | Reached XP level 1. HP: 11/11 MP: 3/3
   711 | D:1      | Reached XP level 2. HP: 16/18 MP: 0/5
   812 | D:1      | Learned a level 2 spell: Blink
  1153 | D:1      | Slain by a jackal

Action                   || total
-------------------------++-------
Melee: Unarmed           ||    34
 Cast: Magic Dart        ||    40

Vault maps used:
D:1:      elethiomel_arrival_infinity_welcomes_careful_drivers
